 Dungeon Crawl Stone Soup version 0.21.0-3-g78d12a8bdd (webtiles) character file.

102 Rrauwl the Shooter (level 4, -3/38 HPs)
             Began as a Centaur Hunter on Jan 12, 2018.
             Killed from afar by an orc wizard (4 damage)
             ... with a puff of frost
             ... on level 3 of the Dungeon.
             The game lasted 00:07:02 (1705 turns).

Rrauwl the Shooter (Centaur Hunter)                 Turns: 1705, Time: 00:07:04

Health: -3/38      AC:  5    Str: 19    XL:     4   Next: 49%
Magic:  1/4        EV: 10    Int: 15    God:
Gold:   70         SH:  0    Dex: 11    Spells: 3/3 levels left

rFire    . . .     SeeInvis .   p - -3 hand axe (curse)
rCold    . . .     Gourm    .   (no shield)
rNeg     . . .     Faith    .   c - +1 leather armour
rPois    .         Spirit   .   (no helmet)
rElec    .         Reflect  .   (no cloak)
rCorr    .         Harm     .   (no gloves)
MR       .....                  (no barding)
Stlth    +.........             (no amulet)
HPRegen  0.12/turn              (no ring)
MPRegen  0.09/turn              (no ring)

@: mighty, brilliant, very quick
A: large, hooves 3, deformed body, speed 2, tough skin 3
a: no special abilities


You were on level 3 of the Dungeon.
You were not hungry.

You visited 1 branch of the dungeon, and saw 3 of its levels.

You collected 70 gold pieces.

Inventory:

Hand Weapons
 a - a +0 short sword
 b - a +1 shortbow
 p - a cursed -3 hand axe (weapon)
Missiles
 d - 27 arrows
Armour
 c - a +1 leather armour (worn)
Scrolls
 l - 2 scrolls of identify
Potions
 h - 2 potions of heal wounds
 i - a potion of brilliance
 n - a potion of might
Comestibles
 f - 5 rations
 j - a chunk of flesh


   Skills:
 + Level 3.4 Fighting
 + Level 6.5 Bows
 - Level 2.0 Dodging
 - Level 0.4 Stealth


You had 3 spell levels left.
You didn't know any spells.

Dungeon Overview and Level Annotations

Branches:
Dungeon (3/15)

Altars:


Innate Abilities, Weirdness & Mutations

You have hooves in place of feet.
Armour fits poorly on your strangely shaped body.
You cover ground very quickly.
You have extremely tough skin. (AC +3)


Message History

The orc wizard hits you with an antimagic dagger.
* * * LOW HITPOINT WARNING * * *
You feel your power leaking away.
It was a potion of might.
You feel very mighty all of a sudden.
The orc wizard hits you with an antimagic dagger.
* * * LOW HITPOINT WARNING * * *
You slash the orc wizard!
The orc wizard is heavily wounded.
The orc wizard hits you but does no damage.
The orc wizard mumbles some strange words.
The orc wizard blinks!
The orc wizard closely misses you.
You hit the orc wizard.
The orc wizard is almost dead.
The orc wizard points at you and mumbles some strange words.
The puff of frost hits you!
* * * LOW HITPOINT WARNING * * *
The orc wizard casts a spell at you. The puff of frost hits you!
You die...

...# #g## ..
#.# #.# #.#
#.# # #.#
#.## .## #.#
#.. ... #.#
#.##..
#.###.#.#
#.#.#######
#......#
#.o§o@)).#
#.###..#
#.o#####.#
#.# ##.##
#.# #.# #.#
##.###.# #.#
#.# ##)..#
#.# #.#
##.## ##.#
#.#######.##
#.g#
>..........#
#.##
#######..#
#.#


You could see 3 orc wizards.

Vanquished Creatures
  3 adders (D:2)
  A worm (D:2)
  4 dart slugs
  A leopard gecko (D:2)
  5 orcs
  7 bats
  3 giant cockroaches
  6 goblins
  8 hobgoblins
  3 jackals (D:2)
  A ball python (D:1)
  2 frilled lizards (D:1)
  7 kobolds
  5 rats
56 creatures vanquished.

Notes
Turn   | Place    | Note
-------+----------+-------------------------------------------
     0 | D:1      | Rrauwl the Centaur Hunter began the quest for the Orb.
     0 | D:1      | Reached XP level 1. HP: 17/17 MP: 1/1
   193 | D:1      | Reached XP level 2. HP: 24/24 MP: 2/2
   685 | D:2      | Reached XP level 3. HP: 30/30 MP: 3/3
   740 | D:2      | Reached skill level 6 in Bows
  1246 | D:2      | Reached XP level 4. HP: 38/38 MP: 4/4
  1705 | D:3      | HP: 1/38 [orc wizard/puff of frost (7)]
  1705 | D:3      | Killed from afar by an orc wizard

Skill      XL: |  1  2  3 |
---------------+----------+-----
Dodging        | 2 |  2.0
Bows           | 6 |  6.5
Fighting       | 3 |  3.4
Stealth        | |  0.4

Action                   |  1- 3 |  4- 6 || total
-------------------------+-------+-------++-------
Melee: Short sword       |    35 |     3 ||    38
       Whip              |    17 |       ||    17
       Kick              |    10 |     8 ||    18
       Hand axe          |       |    44 ||    44
 Fire: Shortbow          |    79 |     2 ||    81
  Use: Scroll            |       |     5 ||     5
       Potion            |       |     3 ||     3
  Eat: Chunk             |       |     1 ||     1
Armor: Leather armour    |    28 |    29 ||    57
Dodge: Dodged            |    27 |    40 ||    67
